 Dungeon Crawl Stone Soup version 0.31.0-9-g3a7656b989 (webtiles) character file.

Game seed: 12586325908039992650

30 qw the Shooter (level 2, 0/24 HPs)
             Began as a Demigod Hunter on Feb 2, 2024.
             Succumbed to their own poison gas
             ... on level 1 of the Dungeon.
             The game lasted 00:00:02 (517 turns).

qw the Shooter (Demigod Hunter)                      Turns: 517, Time: 00:00:02

Health: 0/24       AC:  4    Str: 12    XL:     2   Next: 84%
Magic:  4/4        EV: 12    Int: 11    God:
Gold:   4          SH:  0    Dex: 17    Spells: 1/1 levels left

rFire   . . .        a - +0 shortbow
rCold   . . .        (shield currently unavailable)
rNeg    . . .        c - +0 leather armour
rPois   .            (no helmet)
rElec   .            (no cloak)
rCorr   .            (no gloves)
SInv    .            j - +0 pair of boots
Will    .....        (no amulet)
Stlth   ++           (no ring)
HPRegen 0.24/turn    (no ring)
MPRegen 0.09/turn

%: no passive effects
@: lethally poisoned (0 -> -1)
A: high MP 1, forlorn, divine attributes
a: no special abilities


You were on level 1 of the Dungeon.
You visited 1 branch of the dungeon, and saw 1 of its levels.

You collected 4 gold pieces.


Innate Abilities, Weirdness & Mutations

You have an increased reservoir of magic. (+10% MP)
You shall have no god before yourself.
Your divine heritage dramatically boosts your attributes as you level up.


   Skills:
 - Level 2.0 Fighting
 + Level 4.4 Ranged Weapons
 - Level 1.7 Dodging
 - Level 0.8 Stealth


You had one spell level left.
You didn't know any spells.
Your spell library was empty.

Inventory:

Hand Weapons
 a - a +0 shortbow (weapon)
Armour
 c - a +0 leather armour (worn)
 j - a +0 pair of boots (worn)
Potions
 d - a potion of mutation
 e - a potion of heal wounds {unknown}

Dungeon Overview and Level Annotations

Branches:
Dungeon (1/15)


Message History

It was a scroll of poison.
Done exploring.
506 ||| READING scroll labelled XISIFFYRETZ.
Blink to where?
Press: ? - help, Dir - move target, f - you
As you read the scroll labelled XISIFFYRETZ, it crumbles to dust.
It was a scroll of blinking.
Done exploring.
507 ||| DROPPING scroll of butterflies.
You drop a scroll of butterflies.
Done exploring.
What level of the Dungeon? (default 1, ? - help) Sorry, I don't know how to get there.
Enter note:
Enter note:
Enter note:
Enter note:
Enter note:
Enter note: You are engulfed in poison gas.
You are poisoned.
You feel very sick.
509 ||| Stepping ~*~*~tactically~*~*~ (cloud).
You feel very sick.
Things that are here:
a scroll of butterflies; a +6 ring of intelligence
There is a lethal amount of poison in your body!
You feel very sick.
There is a lethal amount of poison in your body!
You feel sick.
There is a lethal amount of poison in your body!
You feel sick.
There is a lethal amount of poison in your body!
You feel sick.
There is a lethal amount of poison in your body!
You feel sick.
There is a lethal amount of poison in your body!
You feel sick.
There is a lethal amount of poison in your body!
You feel sick.
There is a lethal amount of poison in your body!
You die...

## #.....##.## ##...## .####
#####.##..# ##...... ...)#
#.###.#####....... #...#
#.###............. #...#
#..###.).##....... #...#
######......####.....# #...#
#.....:.###.###....... #...#
###¤#####.# #..##.(..... #...#
#¤0¤¤¤.@0.####.##....... ##.##
########¤0¤.##.........# .#%####
#000¤¤0###.....## .#....#
####0.0###.#..## ...##.#
#########..0#...#).# #
##..#.######.....%....0¤.###..# #
###..........#######.....##...###
.............## ####.###.#.#..
.####....###..## #.....#.#..


There were no monsters in sight!

Vanquished Creatures
  A dart slug (D:1)
  4 endoplasms (D:1)
  A giant cockroach (D:1)
  4 goblins (D:1)
  2 hobgoblins (D:1)
  3 jackals (D:1)
  3 quokkas (D:1)
  2 bats (D:1)
  2 kobolds (D:1)
  A rat (D:1)
23 creatures vanquished.

Notes
Turn   | Place    | Note
-------+----------+-------------------------------------------
     0 | D:1      | qw the Demigod Hunter began the quest for the Orb.
     0 | D:1      | Reached XP level 1. HP: 17/17 MP: 3/3
     0 | D:1      | 0 ||| qw: Version: 0.3-a-155-g5e7d8dd
     0 | D:1      | 0 ||| qw: Game counter: 263
     0 | D:1      | 0 ||| qw: Melee chars always use a shield: true
     0 | D:1      | 0 ||| qw: God list: Okawaru
     0 | D:1      | 0 ||| qw: Allow faded altars: false
     0 | D:1      | 0 ||| qw: Do Orc after clearing Dungeon:15 true
     0 | D:1      | 0 ||| qw: Do second Lair branch before Depths: true
     0 | D:1      | 0 ||| qw: Lair rune preference: random
     0 | D:1      | 0 ||| qw: Goals: Normal
     0 | D:1      | 0 ||| PLANNING D:1-11
   163 | D:1      | Reached skill level 4 in Ranged Weapons
   183 | D:1      | Reached XP level 2. HP: 22/24 MP: 4/4
   498 | D:1      | 498 ||| UPGRADING to +0 pair of boots.
   503 | D:1      | 503 ||| DROPPING +6 ring of intelligence.
   504 | D:1      | 504 ||| READING scroll labelled WEIFON QAEXETU.
   504 | D:1      | 504 ||| IDENTIFYING ruby potion
   505 | D:1      | 505 ||| READING scroll labelled DUQUDA FIONG.
   506 | D:1      | 506 ||| READING scroll labelled XISIFFYRETZ.
   507 | D:1      | 507 ||| DROPPING scroll of butterflies.
   509 | D:1      | 509 ||| Stepping ~*~*~tactically~*~*~ (cloud).
   512 | D:1      | HP: 5/24 [poisoned by you (poison gas)]
   515 | D:1      | HP: 2/24 [poisoned by you (poison gas)]
   517 | D:1      | Succumbed to their own poison gas

Levels and vault maps discovered:
D:1:      amcnicky_arrival_flooded_fountain, layout_rooms

Skill      XL: |  1  2 |
---------------+-------+-----
Ranged Weapons | 4 |  4.4
Fighting       | 2 |  2.0
Dodging        | |  1.7
Stealth        | |  0.8

Action                     || total
---------------------------++-------
   Fire: Shortbow          ||    61
    Use: Scroll            ||     3
 Armour: Leather armour    ||    15
  Dodge: Dodged            ||    15

Table legend:
 A = Non-vault XP
 B = Vault XP
 C = Vault XP percentage of total XP
 D = Non-vault monster count
 E = Vault monster count
 F = Vault count percentage of total count
                 A         B        C        D         E       F
            +---------+---------+-------+---------+---------+-------
      Total |      43 |       0 |   0.0 |      23 |       0 |   0.0
            +---------+---------+-------+---------+---------+-------
        D:1 |      43 |       0 |   0.0 |      23 |       0 |   0.0
            +---------+---------+-------+---------+---------+-------
